 Dungeon Crawl Stone Soup version bcrawl-1.37.1 (webtiles) character file.

Game seed: 15093754867375714449

13526585 Artagas the Annihilator (level 27, 165/177 HPs)
             Began as an Avariel Fire Elementalist on Sept 1, 2022.
             Was the Champion of Vehumet.
             Escaped with the Orb
             ... and 3 runes on Oct 10, 2022!
             The game lasted 04:53:13 (72506 turns).

Artagas the Annihilator (AvFE)                     Turns: 72506, Time: 04:53:14

Health: 165/177    AC: 30    Str:  8    XL:     27
Magic:  69/69      EV: 30    Int: 47    God:    Vehumet [******]
Gold:   2356       SH:  9    Dex: 16    Spells: 3/68 levels left

rFire    + + .     GDR:     38% a - +3 sling "Punk" {acid, rCorr}
rCold    + + +     SeeInvis .   R - +1 buckler of Tuba {rPois rC+ MR+ Int+2}
rNeg     + . .     Gourm    .   d - +5 faerie dragon scales {rF++ rCorr Int+2 Dex+3}
rPois    +         Faith    .   y - +3 hat of Pondering {ponderous, MR+ MP+10 Int+5}
rElec    +         Spirit   .   u - +1 cloak of Starlight {rElec rC+ EV+4 Stlth--}
rCorr    +         Reflect  .   l - +2 pair of gloves {archery}
MR       ++++.                  S - +2 pair of boots of the Assassin {Detection Stab+ Stlth++}
Stlth    +.........             i - amulet of Ybbaytrofa {RegenMP rC+}
HPRegen  0.39/turn              I - ring of Jeigeg {rPois rN+ MP+9 Str+4 Int-2}
MPRegen  0.97/turn              p - +3 ring of protection

@: brilliant, flying quickly and evasively
A: blurry vision 2, weak 1, able to fly
0: Orb of Zot
}: 3/15 runes: barnacled, slimy, gossamer
a: Stop Flying, Renounce Religion


You escaped.
You worshipped Vehumet.
Vehumet was exalted by your worship.
You were not hungry.

You visited 11 branches of the dungeon, and saw 47 of its levels.
You visited 1 bazaar.

You collected 7335 gold pieces.
You spent 4979 gold pieces at shops.

Inventory:

Hand Weapons
 a - the +3 sling "Punk" (weapon) {acid, rCorr}
   (You bought it in a shop on level 5 of the Dungeon)

   It provides partial protection from all sources of acid and corrosion.
 b - the +9 rapier of Vina {pain, rElec rF+}
   (You found it on level 1 of the Lair of Beasts)

   In the hands of one skilled in necromantic magic, it inflicts extra damage on
   living creatures.
   It protects you from fire.
   It insulates you from electricity.
 F - the +8 trident of the Octopus King {venom, rElec rPois MR+}
   (You took it off a deep elf demonologist on level 3 of the Elven Halls)

   It poisons the flesh of those it strikes.
   It insulates you from electricity.
   It protects you from poison.
   It affects your resistance to hostile enchantments.
Missiles
 N - 3398 sling bullets (quivered)
 V - 10 throwing nets {=f}
Armour
 d - the +5 faerie dragon scales (worn) {rF++ rCorr Int+2 Dex+3}
   (You took it off the Enchantress on level 3 of the Depths)

   It affects your intelligence (+2).
   It affects your dexterity (+3).
   It greatly protects you from fire.
   It provides partial protection from all sources of acid and corrosion.
 l - a +2 pair of gloves of archery (worn)
   (You found it on level 2 of the Vaults)
 u - the +1 cloak of Starlight (worn) {rElec rC+ EV+4 Stlth--}
   (You found it on level 1 of the Depths)

   It affects your evasion (+4).
   It protects you from cold.
   It insulates you from electricity.
   It makes you much less stealthy.
 y - the +3 hat of Pondering (worn) {ponderous, MR+ MP+10 Int+5}
   (You found it on level 3 of the Elven Halls)

   It affects your intelligence (+5).
   It affects your resistance to hostile enchantments.
   It affects your magic capacity (+10).
 R - the +1 buckler of Tuba (worn) {rPois rC+ MR+ Int+2}
   (You found it on level 5 of the Depths)

   It affects your intelligence (+2).
   It protects you from cold.
   It protects you from poison.
   It affects your resistance to hostile enchantments.
 S - the +2 pair of boots of the Assassin (worn) {Detection Stab+ Stlth++}
   (You found it on level 3 of the Elven Halls)

   It makes you much more stealthy.
Jewellery
 f - an uncursed ring of protection from fire
   (You found it on level 1 of the Spider Nest)
 i - the amulet of Ybbaytrofa (around neck) {RegenMP rC+}
   (You took it off a deep elf high priest on level 3 of the Elven Halls)

   [amulet of magic regeneration]

   It increases your magic regeneration.
   It protects you from cold.
 p - a +3 ring of protection (right hand)
   (You took it off a deep elf elementalist on level 3 of the Elven Halls)
 s - the ring of Eternity {rC+ Dex+5 SInv}
   (You acquired it on level 6 of the Lair of Beasts)

   [ring of protection from cold]

   It affects your dexterity (+5).
   It protects you from cold.
   It lets you see invisible.
 I - the ring of Jeigeg (left hand) {rPois rN+ MP+9 Str+4 Int-2}
   (You found it on level 5 of the Pits of Slime)

   [ring of poison resistance]

   It affects your strength (+4).
   It affects your intelligence (-2).
   It protects you from poison.
   It protects you from negative energy.
   It affects your magic capacity (+9).
 O - the ring of Saran {+Blink +Inv +Fly rF- Int+7}
   (You found it on level 3 of the Spider Nest)

   [ring of flight]

   It affects your intelligence (+7).
   It makes you vulnerable to fire.
   It lets you turn invisible.
   It lets you fly.
   It lets you blink.
 T - the ring of Spontaneous Combustion {rC+ MP+9}
   (You bought it in a shop in the Orcish Mines)

   [ring of magical power]

   It protects you from cold.
   It affects your magic capacity (+9).
 W - an uncursed ring of wizardry
   (You took it off a deep elf mage on level 3 of the Elven Halls)
 Y - a +8 ring of strength
   (You found it on level 1 of the Elven Halls)
Wands
 o - a wand of acid (15)
   (You found it on level 1 of the Shoals)
 r - a wand of charming (32)
   (You found it on level 11 of the Dungeon)
 v - a wand of digging (29)
   (You found it on level 5 of the Lair of Beasts)
 A - a wand of paralysis (11)
   (You found it on level 5 of the Depths)
 H - a wand of iceblast (43)
   (You found it on level 6 of the Dungeon)
Scrolls
 m - a scroll of noise
 t - 16 scrolls of teleportation
 z - a scroll of blinking
 B - 5 scrolls of fog
 K - 3 scrolls of immolation
 X - 5 scrolls of fear
Potions
 g - 3 potions of brilliance
 h - a potion of haste
 j - 5 potions of berserk rage
 n - 2 potions of resistance
 q - 14 potions of curing
 w - a potion of heal wounds
 D - 5 potions of magic
 E - 8 potions of ambrosia
 G - 5 potions of flight
 P - 6 potions of lignification
 Q - 7 potions of mutation
 U - 7 potions of agility
 Z - 2 potions of cancellation
Miscellaneous
 c - a lightning rod (4/4)
   (You found it on level 4 of the Depths)
 k - a box of beasts
 C - a phial of floods
   (You found it on level 1 of the Spider Nest)
 J - a sack of spiders
   (You found it on level 2 of the Depths)
 L - a lamp of fire
   (You found it on level 9 of the Dungeon)
 M - a phantom mirror
Comestibles
 e - 20 rations {!d}


   Skills:
 + Level 19.5 Fighting
 - Level 12.0 Slings
 - Level 14.0 Armour
 - Level 17.0 Dodging
 - Level 2.1 Stealth
 - Level 10.0 Shields
 - Level 21.0 Spellcasting
 O Level 27 Conjurations
 - Level 10.0 Hexes
 - Level 21.0 Fire Magic
 - Level 10.0 Ice Magic
 - Level 9.0 Evocations


You had 3 spell levels left.
You knew the following spells:

 Your Spells              Type           Power        Failure   Level  Hunger
a - Icicle Burst          Conj/Ice       ########..   1%          7    None
b - Bolt of Cold          Conj/Ice       ########..   1%          6    None
c - Fire Storm            Conj/Fire      ########..   1%          9    #####..
d - Orb of Destruction    Conj           ########..   0%          7    None
e - Ignition              Fire           ########..   1%          8    ###....
f - Invisibility          Hex            ########     1%          6    None
g - Passwall              Tmut/Erth      ######..     1%          2    None
h - Blink                 Tloc           N/A          1%          2    None
i - Flaming Arrows        Chrm/Fire      ########     0%          2    None
j - Irradiate             Conj/Tmut      ########..   1%          5    None
k - Yara's Violent Unrav  Hex/Tmut       #######...   1%          4    None
l - Mana Rupture          Conj/Hex       ########..   1%          7    None

Your spell library contained the following spells:

 Spells                   Type           Power        Failure   Level  Hunger
 Chain Lightning          Conj/Air       ########..   1%          8    ###....
 Lehudib's Crystal Spear  Conj/Erth      ########..   1%          8    ###....
 Corona                   Hex            #######      0%          1    None
 Flame Tongue             Conj/Fire      #####        0%          1    None
 Magic Dart               Conj           ####         0%          1    None
 Sting                    Conj/Pois      ####         0%          1    None
 Searing Ray              Conj           ########     0%          2    None
 Shackle                  Hex            ########     0%          2    None
 Shock                    Conj/Air       #######      0%          2    None
 Conjure Flame            Conj/Fire      ########     0%          3    None
 Dazzling Orbs            Conj/Hex       #######      0%          3    None
 Inner Flame              Hex/Fire       N/A          0%          3    None
 Iskenderun's Mystic Bla  Conj           ########     0%          3    None
 Apportation              Tloc           ######       1%          1    None
 Beastly Appendage        Tmut           ######       1%          1    None
 Blink Other              Tloc           ######       1%          1    None
 Static Discharge         Air            ######       1%          1    None
 Summon Butterflies       Summ           ######..     1%          1    None
 Call Imp                 Summ           ######       1%          2    None
 Poisonous Vapours        Pois/Air       ######       1%          2    None
 Sticks to Snakes         Tmut           ######..     1%          2    None
 Beckoning                Tloc           ######....   1%          3    None
 Confuse                  Hex            ########     1%          3    None
 False Image              Hex/Summ       #######.     1%          3    None
 Ignite Poison            Fire/Tmut/Pois #######.     1%          3    None
 Mephitic Cloud           Conj/Pois/Air  ########     1%          3    None
 Portal Projectile        Tloc           ######       1%          3    None
 Recall                   Summ/Tloc      N/A          1%          3    None
 Spider Form              Tmut/Pois      ###          1%          3    None
 Teleport Other           Tloc           ######..     1%          3    None
 Tukima's Dance           Hex            ########     1%          3    None
 Fulminant Prism          Conj/Hex       ########..   0%          4    None
 Sticky Flame             Conj/Fire      ########     0%          4    None
 Bolt of Magma            Conj/Fire/Erth ########..   0%          5    None
 Fireball                 Conj/Fire      ########..   0%          5    None
 Bolt of Fire             Conj/Fire      ########..   0%          6    None
 Cause Fear               Hex            ########..   1%          4    None
 Force Lance              Tloc           ######..     1%          4    None
 Ice Form                 Ice/Tmut       #######.     1%          4    None
 Olgreb's Toxic Radiance  Pois           ######...    1%          4    None
 Petrify                  Tmut/Erth      ######....   1%          4    None
 Summon Scorpions         Summ/Pois      ######..     1%          4    None
 Iskenderun's Battlesphe  Conj/Chrm      ########     1%          5    None
 Metabolic Englaciation   Hex/Ice        ########..   1%          5    None
 Silence                  Hex/Air        #######...   1%          5    None
 Steam Barrier            Chrm/Fire      ########..   1%          5    None
 Summon Mana Viper        Hex/Summ       #######.     1%          5    None
 Venom Bolt               Conj/Pois      ########..   1%          5    None
 Conjure Ball Lightning   Conj/Air       ########..   1%          6    None
 Iron Shot                Conj/Erth      ########..   1%          6    None
 Discord                  Hex            ########..   1%          7    None
 Blade Hands              Tmut           ######....   2%          5    None
 Piercing Shot            Chrm           ######....   2%          5    None
 Summon Demon             Summ           ######....   2%          5    None
 Summon Forest            Summ/Tloc      ######....   2%          5    None
 Summon Lightning Spire   Summ/Air       ######..     2%          5    None
 Infestation              Hex/Tmut/Pois  #######..    4%          6    None
 Aura of Abjuration       Summ           ######....   13%         6    None
 Deflect Missiles         Chrm/Air       ######....   13%         6    None
 Dispersal                Tloc           ######....   13%         6    None
 Statue Form              Tmut/Erth      ######...    13%         6    None
 Shadow Creatures         Summ           N/A          52%         7    None
 Tornado                  Tloc/Air       ######....   63%         8    ###....
 Shatter                  Erth           ######....   100%        9    #####..
 Passage of Golubria      Tloc           Unusable     N/A         5    N/A

Dungeon Overview and Level Annotations

Branches:
Dungeon (12/12)            Temple (1/1) D:4            Lair (6/6) D:7
 Shoals (3/3) Lair:4       Spider (3/3) Lair:4        Slime (5/5) Lair:6
    Orc (1/1) D:11            Elf (3/3) Orc          Vaults (3/3) D:11
  Crypt (0/2) Vaults:1     Depths (5/5) D:12            Zot (5/5) Depths:5

Altars:
Ashenzari
Cheibriados
Dithmenos
Elyvilon
Gozag
Hepliaklqana
Kikubaaqudgha
Lugonu
Makhleb
Nemelex Xobeh
Qazlal
Trog
Vehumet
Wu Jian
Xom
Jiyva

Shops:
D:5 (   D:8 :   D:10 !((!   Orc [!(*:   Vaults:2 :   Depths:1 [(}%   Depths:4 (

Portals:
Hell: Depths:1 Depths:2 Depths:3 Depths:4 Depths:5
Abyss: Depths:1 Depths:4
Pandemonium: Depths:3
Ziggurat: Depths:4
Trove: D:10 (give +6 quick blade)

Annotations:
D:3 Terence
Lair:6 exclusion: obsidian statue
Elf:1 1 runed door
Elf:2 5 runed doors
Vaults:3 Sojobo; Xtahua
Depths:2 6 runed doors
Zot:1 2 transporters, Beclu's ghost, legendary GnSk
Zot:3 exclusion: upstairs


Innate Abilities, Weirdness & Mutations

You can fly continuously.
Scrolls take you longer to read.
You are weak. (Str -2)


Message History

Where to? (Enter - D:1 @ (x,y), ? - help)
What level of the Dungeon? (default 1, ? - help)
There is a stone staircase leading up here.
You fly upwards.
Your summoned ally is left behind.
There is a stone staircase leading down here.
There is a stone staircase leading up here.
A rune on the stairs sparks and fizzles.
You fly upwards.
Magic restored.
There is a stone staircase leading down here.
You sense a monster nearby.
Pilogiku comes into view.
Press: ? - help, v - describe, . - travel
Here: Pilogiku Unknown command.
Unknown command.
Unknown command.
You feel clever all of a sudden.
Casting: Fire Storm (safe; 1% risk of failure)
Confirm with . or Enter, or press ? or * to list all spells.
Aiming: Fire Storm (safe; 1% risk of failure)
Press: ? - help, Dir - move target cursor A raging storm of fire appears!
The great blast of fire engulfs Pilogiku!!!
Pilogiku partially resists.
Pilogiku is moderately wounded.
Vehumet accepts your kill.
You feel your power returning.
You feel a bit more experienced.
Pilogiku is engulfed in blazing flames.
Pilogiku conjures an orb of pure magic.
An orb of destruction comes into view.
Casting: Fire Storm (safe; 1% risk of failure)
Confirm with . or Enter, or press ? or * to list all spells.
Aiming: Icicle Burst (safe; 1% risk of failure)
Press: ? - help, Shift-Dir - straight line, f - Pilogiku
Aim: Pilogiku (flame, moderately wounded)
The burst of ice shards hits Pilogiku!!
The burst of ice shards hits Pilogiku!
The burst of ice shards hits Pilogiku!!
Pilogiku is severely wounded.
Pilogiku is engulfed in blazing flames.
The orb of destruction hits you!!
Pilogiku is nearby!
Casting: Icicle Burst (safe; 1% risk of failure)
Confirm with . or Enter, or press ? or * to list all spells.
Aiming: Icicle Burst (safe; 1% risk of failure)
Press: ? - help, Shift-Dir - straight line, f/p - Pilogiku
Aim: Pilogiku (severely wounded) Really icicle burst near your fire vortices?
The burst of ice shards hits Pilogiku!!
The burst of ice shards hits Pilogiku!!!
You kill Pilogiku!
Vehumet accepts your kill.
You feel your power returning.
The burst of ice shards hits your fire vortex!!
Your fire vortex dissipates!
A chaos spawn comes into view.
There is an escape hatch in the ceiling here.
A mysterious force pulls you upwards. The hatch slams shut behind you.
Level annotation: Terence
(D) Dungeon (T) Temple (L) Lair (A) Shoals (N) Spider Nest (M) Slime Pits (O) Orcish Mines (E) Elven Halls (V) Vaults (C) Crypt (U) Depths (H) Hell (Z) Zot
Where to? (Enter - D:1 @ (x,y), ? - help)
What level of the Dungeon? (default 1, ? - help) Magic restored.
There is a stone staircase leading up here.
You fly upwards.
There is a stone staircase leading down here.
There is a stone staircase leading up here.
You fly upwards.
The crimson imp shouts!
The crimson imp is too close now for your liking.
There is a stone staircase leading down here.
Casting: Icicle Burst (safe; 1% risk of failure)
Confirm with . or Enter, or press ? or * to list all spells.
Aiming: Icicle Burst (safe; 1% risk of failure)
Press: ? - help, Shift-Dir - straight line, f - crimson imp
Aim: a crimson imp The burst of ice shards hits the crimson imp! x2
You kill the crimson imp!
Vehumet accepts your kill.
(D) Dungeon (T) Temple (L) Lair (A) Shoals (N) Spider Nest (M) Slime Pits (O) Orcish Mines (E) Elven Halls (V) Vaults (C) Crypt (U) Depths (H) Hell (Z) Zot
Where to? (Enter - D:1 @ (x,y), ? - help)
Okay, then.
Evoke which item? (* to show all) (? for menu, Esc to quit)
That's the wrong kind of item! (Use * to select it.) Evoke which item? (* to show all) (? for menu, Esc to quit)
Evoke which item? (* to show all) (? for menu, Esc to quit)
Okay, then.
Evoke which item? (* to show all) (? for menu, Esc to quit)
Aiming: Dig
Press: ? - help, Shift-Dir - straight line This square is covered in magical glow.
The rock shatters into small pieces.
There is a staircase leading out of the dungeon here.
A Shadow Fiend comes into view.
The power of the Orb breaks the dimensional shunt like a soap bubble!
You have escaped!

.....#.##### ### #########
.....#...## ##..#
###..##...# ######### #...#
#...##...###...8...###...#
#).......##..8...8..##...#
#).......#8.........8#...##
#.###.......8.....8.......#
#.# #....#8.........8#....#
#.# ##...##.18.@.8..##....#
#.# #...###...8...###....#
#.# ##...# ######### #....#
#.###...## ##...# #.##.####
### #####รท# #.#.#######.#
#.###.### #..## #.....#
##.#.....# #>## #.###)#
#..#.....# #.# #.# #.#
#........#


You could see a Shadow Fiend.

Vanquished Creatures
  the Royal Jelly (Slime:5)
  3 ancient liches
  4 orbs of fire
  11 golden dragons
  5 Killer Klowns
  A curse toe (Zot:3)
  Saint Roka (Depths:1)
  Margery (Depths:5)
  Frederick (Depths:4)
  2 caustic shrikes (Depths:5)
  the Enchantress (Depths:3)
  4 rockslimes
  4 electric golems
  A Shadow Fiend (D:12)
  4 Orb Demons
  10 tentacled monstrosities
  Frances (Shoals:1)
  2 liches
  2 Hell Sentinels
  Asterion (Vaults:3)
  24 Orb Guardians
  2 deep elf master archers (Elf:3)
  2 titans (Depths:5)
  2 pandemonium lords
  4 quicksilver dragons
  A deep elf blademaster (Elf:3)
  3 Executioners
  17 acid blobs
  Polyphemus (Shoals:2)
  6 death cobs
  2 krakens
  7 shadow dragons
  11 storm dragons
  6 sphinxes
  5 draconian knights
  4 draconian monks
  The ghost of Galewind the Scorcher, an adept AvCj of Vehumet (Spider:3)
  4 tengu reavers
  7 azure jellies
  5 draconian shifters
  5 fire giants
  6 deep elf sorcerers
  4 ghost moths
  8 frost giants
  An iron dragon (Depths:1)
  Aizul (Shoals:3)
  A curse skull (Vaults:1)
  2 orc warlords
  2 draconian stormcallers (Zot:2)
  5 emperor scorpions
  7 vault wardens
  4 deep elf elementalists (Elf:3)
  19 very ugly things
  2 eyes of devastation
  7 draconian annihilators
  9 ironheart preservers
  6 caustic shrike skeletons (Depths:3)
  18 stone giants
  6 draconian scorchers
  12 green draconians
  7 spriggan defenders
  A blood saint (D:9)
  6 deep elf demonologists (Elf:3)
  4 vampire knights
  An entropy weaver (Spider:2)
  9 white draconians
  4 spark wasps
  5 red draconians
  5 dire elephants
  8 deep elf annihilators
  6 deep elf death magi (Elf:3)
  11 black draconians
  13 purple draconians
  2 merfolk javelineers (Shoals:3)
  3 minotaurs (Shoals:3)
  14 yellow draconians
  5 ettins
  2 blizzard demons
  Josephine (Lair:6)
  6 merfolk impalers
  9 fire dragons
  5 yaktaur captains
  4 deep elf high priests (Elf:3)
  6 ice dragons
  The ghost of tronn the Messiah, a journeyman HOAc of Beogh (Orc)
  28 vault guards
  A shadow wraith (Vaults:3)
  6 rakshasas
  13 great orbs of eyes
  8 spriggan air magi
  A juggernaut simulacrum (Depths:2)
  An alligator (Lair:5)
  9 hydras
  A catoblepas (Shoals:2)
  5 death knights
  A merfolk avatar (Shoals:2)
  A two-headed ogre (shapeshifter) (Vaults:1)
  A merfolk aquamancer (Shoals:3)
  18 dancing weapons
  7 death oozes (Slime:5)
  27 two-headed ogres
  An ironheart beastmaster (Vaults:1)
  An alligator snapping turtle (Shoals:3)
  10 death yaks
  7 sea snakes
  A spectral dire elephant (Lair:6)
  8 deep troll shamans
  9 tengu warriors
  A vampire mage (Depths:1)
  13 deep troll earth magi
  7 satyrs (Shoals:3)
  9 ogre magi
  A queen ant (D:7)
  4 orc high priests
  8 death scarabs (Spider:3)
  7 spriggan berserkers
  43 spriggans
  2 soul eaters
  16 deep elf knights
  28 centaur warriors
  18 deep trolls
  2 iron trolls
  A cherub (D:12)
  2 fire crabs (Shoals:2)
  A golden dragon zombie (D:12)
  10 hell knights
  2 flayed ghosts
  3 skeletal warriors
  2 spectral emperor scorpions (Spider:3)
  7 spriggan druids (Depths:3)
  A spectral anaconda (Lair:6)
  An unseen horror (D:12)
  A torturous demonspawn (D:9)
  A swamp dragon (Lair:6)
  11 cyclopes
  6 ironheart convokers
  6 wizards
  A large abomination (D:6)
  12 deep elf archers
  4 phantasmal warriors
  2 spectral wolf spiders (Spider:3)
  2 orc knights (Orc)
  3 orange crystal statues
  6 glowing orange brains
  19 harpies
  A wolf spider zombie (Spider:3)
  9 necromancers
  7 orb spiders
  22 wolf spiders
  An oklob plant (Lair:6)
  58 deep elf magi
  11 fauns
  31 ugly things
  A toenail golem (Zot:1)
  A faun (shapeshifter) (Elf:1)
  3 orc sorcerers
  An elephant (shapeshifter) (Depths:1)
  5 shining eyes
  27 moths of wrath
  A manticore (shapeshifter) (Vaults:3)
  25 elephants
  7 merfolk sirens
  12 manticores
  2 black mambas (Lair:4)
  A water nymph (shapeshifter) (Depths:4)
  A guardian serpent (shapeshifter) (Depths:1)
  2 rust devils
  9 vault sentinels
  A water nymph (Shoals:3)
  A frost giant skeleton (D:12)
  8 cane toads
  A gargoyle (D:12)
  2 torpor snails
  A torpor snail (shapeshifter) (Depths:2)
  A smoke demon (Depths:5)
  2 rime drakes
  A dire elephant skeleton (Lair:6)
  A storm dragon simulacrum (Vaults:1)
  8 komodo dragons
  2 hellions (Depths:5)
  22 jumping spiders
  7 demonic crawlers
  24 yaktaurs
  2 eyes of draining (D:11)
  3 hellwings (Depths:5)
  A dryad (D:7)
  3 spectral jumping spiders (Spider:3)
  12 tengu conjurers
  4 red devils (Depths:5)
  14 merfolk
  2 freezing wraiths (Vaults:2)
  7 polar bears
  A queen bee (shapeshifter) (Depths:5)
  A wolf spider simulacrum (D:12)
  4 trolls
  A merfolk (shapeshifter) (Depths:2)
  A tengu simulacrum (Vaults:2)
  5 wind drakes
  24 hornets
  93 slime creatures
  5 spectral elephants (Lair:6)
  2 snapping turtles
  25 blink frogs
  2 harpy skeletons
  A snapping turtle (shapeshifter) (Depths:5)
  2 spectral tarantellas (Spider:3)
  A tarantella zombie (Spider:3)
  6 spectral redbacks (Spider:3)
  3 hippogriffs
  17 dream sheep
  A fire dragon skeleton (Depths:1)
  19 tarantellas
  2 air elementals (Elf:1)
  An ettin skeleton (D:12)
  9 wraiths
  A dire elephant simulacrum (Lair:6)
  An ice dragon skeleton (D:12)
  49 yaks
  10 water elementals
  A shadow (D:11)
  A vampire (D:12)
  A ynoxinul (Zot:4)
  2 wyverns
  7 vampire mosquitoes
  2 basilisks
  18 golden eyes
  A human (shapeshifter) (Depths:1)
  A hungry ghost (D:11)
  10 fire elementals
  A steam dragon (Lair:3)
  A death yak simulacrum (Lair:6)
  A jumping spider zombie (Spider:3)
  4 wargs
  29 redbacks
  A spectral cane toad (Lair:6)
  A swamp worm (shapeshifter) (Vaults:3)
  5 swamp worms
  10 crocodiles
  13 water moccasins
  5 hell hounds (Depths:5)
  5 porcupines
  A floating eye (Slime:3)
  A soldier ant (shapeshifter) (Depths:3)
  2 hornet zombies (Spider:3)
  32 orc warriors
  A spectral hornet (Spider:3)
  8 soldier ants
  6 sky beasts
  3 black bears
  2 ice beasts
  17 boggarts
  3 redback zombies (Spider:3)
  26 ogres
  A spriggan simulacrum (Depths:1)
  2 phantoms
  24 wolves
  2 elephant skeletons (Lair:6)
  4 kobold brigands (D:8)
  11 bullfrogs
  3 earth elementals
  3 cane toad simulacra (Lair:6)
  6 centaurs
  4 scorpions
  A wyvern skeleton (D:10)
  A water moccasin skeleton (D:10)
  A scorpion (shapeshifter) (Depths:3)
  5 elephant simulacra (Lair:6)
  12 killer bees (Lair:1)
  7 statues
  4 wights (D:9)
  5 howler monkeys
  4 electric eels
  15 orc priests
  A bullfrog zombie (D:6)
  13 crimson imps
  A quasit (D:7)
  2 jellies
  2 yaktaur simulacra (Vaults:1)
  2 bullfrog skeletons
  A gnoll shaman (D:4)
  4 hounds
  An iron imp (Depths:2)
  16 orc wizards
  5 iguanas
  Ijyb (D:3)
  28 worker ants
  A porcupine skeleton (D:10)
  A hound skeleton (D:5)
  A mummy (D:9)
  A worker ant zombie (D:5)
  11 gnolls
  11 adders
  4 shadow imps
  2 adder zombies (D:7)
  2 adder skeletons
  A worm (D:2)
  A dart slug (D:3)
  8 leopard geckos
  50 orcs
  3 giant cockroaches
  10 goblins
  8 hobgoblins
  4 jackals (D:9)
  11 kobolds
  2 quokkas
  A ball python (D:3)
  A bat (shapeshifter) (Depths:5)
  A bat (D:2)
  4 frilled lizards
  A jackal skeleton (D:5)
  2 quokka skeletons
  A rat (shapeshifter) (Depths:5)
  11 rats
  34 fire vortices
  8 fungi
  12 plants
  A snaplasher vine (D:7)
  3 tentacles (Shoals:3)
  2 withered plants (Lair:6)
2148 creatures vanquished.

Vanquished Creatures (collateral kills)
  A golden dragon (Zot:2)
  An Orb Demon (Zot:2)
  2 Orb Guardians (Zot:5)
  2 tentacled monstrosities
  2 acid blobs
  A death cob (Zot:3)
  A storm dragon (Zot:5)
  A frost giant (Depths:1)
  2 azure jellies (Slime:5)
  A deep elf elementalist (Elf:3)
  A draconian stormcaller (Zot:2)
  A deep elf annihilator (Elf:3)
  A statue (Depths:4)
  A deep elf death mage (Elf:3)
  A great orb of eyes (Slime:5)
  A deep troll shaman (Depths:4)
  A spriggan berserker (Depths:2)
  An ugly thing (Depths:5)
  A hornet (Depths:3)
  7 slime creatures
  A spriggan (Depths:3)
  A golden eye (Slime:2)
  A yak (Depths:3)
  A floating eye (Slime:5)
  An orc warrior (Orc)
  An orc (Orc)
36 creatures vanquished.

Vanquished Creatures (others)
  An ancient lich (Zot:5)
  A deep elf annihilator (Depths:4)
  A spriggan air mage (Depths:4)
  A centaur warrior (Vaults:1)
  2 wizards (Depths:4)
  A moth of wrath (Zot:5)
  A queen bee (Lair:1)
  A human (D:6)
  3 killer bees (Lair:1)
  A crimson imp (Depths:5)
  2 bushes (Depths:3)
  411 fire vortices
  24 fungi
  36 plants
  A tentacle (Shoals:3)
  21 withered plants
508 creatures vanquished.

Grand Total: 2692 creatures vanquished

Notes
Turn   | Place    | Note
-------+----------+-------------------------------------------
     0 | D:1      | Artagas the Avariel Fire Elementalist began the quest for
                  | the Orb.
     0 | D:1      | Reached XP level 1. HP: 10/10 MP: 6/6
   155 | D:1      | Reached skill level 2 in Conjurations
   193 | D:1      | Reached XP level 2. HP: 15/15 MP: 5/7
   350 | D:1      | Reached skill level 3 in Spellcasting
   409 | D:1      | Learned a level 2 spell: Flaming Arrows
   737 | D:1      | Reached skill level 3 in Conjurations
   848 | D:1      | Reached XP level 3. HP: 19/19 MP: 4/9
  1024 | D:1      | HP: 2/19 [gnoll/+0 halberd (11)]
  1321 | D:1      | Learned a level 3 spell: Conjure Flame
  1715 | D:2      | Found a faded altar of an unknown god.
  1715 | D:2      | Found an opulent altar of Gozag.
  1750 | D:2      | Found a bloodstained altar of Trog.
  1756 | D:2      | Found a shattered altar of Ashenzari.
  1758 | D:2      | Found a radiant altar of Vehumet.
  2199 | D:2      | Became a worshipper of Vehumet
  2339 | D:2      | Reached skill level 4 in Conjurations
  2339 | D:2      | Reached skill level 4 in Fire Magic
  2339 | D:2      | Reached XP level 4. HP: 22/24 MP: 3/10
  2775 | D:2      | Learned a level 3 spell: Inner Flame
  2821 | D:3      | Noticed a phantom
  2858 | D:3      | Killed a phantom
  2859 | D:3      | Reached skill level 1 in Fighting
  2859 | D:3      | Reached skill level 4 in Spellcasting
  2859 | D:3      | Reached skill level 5 in Fire Magic
  2859 | D:3      | Reached XP level 5. HP: 16/29 MP: 1/13
  2954 | D:3      | Noticed Ijyb
  2963 | D:3      | Killed Ijyb
  3417 | D:3      | Reached XP level 6. HP: 35/35 MP: 11/14
  3423 | D:3      | Reached skill level 2 in Fighting
  3523 | D:3      | Found an ornate altar of the Wu Jian Council.
  3596 | D:3      | Noticed Terence
  3613 | D:3      | HP: 5/35 [Terence/wand of flame (9) (6)]
  4717 | D:4      | Found a staircase to the Ecumenical Temple.
  4939 | D:4      | Reached XP level 7. HP: 40/40 MP: 16/16
  5006 | D:4      | Found a burning altar of Makhleb.
  5057 | D:4      | Found a stormy altar of Qazlal.
  5085 | D:4      | Reached skill level 5 in Conjurations
  5262 | D:4      | Reached * piety under Vehumet
  5262 | D:4      | Offered knowledge of Magic Dart by Vehumet.
  5263 | D:4      | Reached skill level 3 in Fighting
  5266 | D:4      | Reached skill level 5 in Spellcasting
  5485 | Temple   | Entered the Ecumenical Temple
  5549 | Temple   | HP: 6/41 [crimson imp/flame tongue (15)]
  6245 | D:4      | Learned a level 5 spell: Fireball
  6246 | D:5      | Entered Level 5 of the Dungeon
  6246 | D:5      | Found Delevon's Weapon Emporium.
  6307 | D:5      | Got a slimy steel ring
  6338 | D:5      | Reached skill level 6 in Fire Magic
  6340 | D:5      | Reached skill level 3 in Dodging
  6526 | D:5      | Reached skill level 4 in Dodging
  6704 | D:5      | Identified the ring of Okhal {rF+ rC+ MP-9 Dex+4} (You
                  | found it on level 5 of the Dungeon)
  6809 | D:5      | Reached XP level 8. HP: 30/46 MP: 17/17
  7001 | D:5      | Reached skill level 7 in Fire Magic
  7036 | D:5      | Found a sparkling altar of Nemelex Xobeh.
  7036 | D:5      | Found an ancient bone altar of Kikubaaqudgha.
  7386 | D:6      | Reached skill level 6 in Conjurations
  7692 | D:6      | Reached skill level 5 in Dodging
  8050 | D:6      | Reached skill level 4 in Fighting
  8050 | D:6      | Reached skill level 6 in Spellcasting
  8050 | D:6      | Reached skill level 1 in Evocations
  8291 | D:6      | Found an ancient bone altar of Kikubaaqudgha.
  8339 | D:7      | Found a staircase to the Lair.
  8341 | D:7      | Noticed an elephant
  8341 | D:7      | Noticed a yak
  8343 | D:7      | Reached skill level 2 in Evocations
  8421 | D:7      | Noticed a red ugly thing
  8423 | D:7      | Reached skill level 3 in Evocations
  8423 | D:7      | Noticed a red ugly thing
  8424 | D:7      | Gained mutation: You can fly continuously. [Avariel growth]
  8424 | D:7      | Reached XP level 9. HP: 52/52 MP: 13/20
  8483 | D:7      | Reached skill level 4 in Evocations
  8483 | D:7      | Offered knowledge of Searing Ray by Vehumet.
  8554 | D:7      | Reached ** piety under Vehumet
  8742 | D:6      | HP: 1/78 [elephant (16)]
  8904 | D:6      | Learned a level 4 spell: Sticky Flame
  8910 | D:5      | Bought the +3 sling "Punk" {acid, rCorr} for 375 gold
                  | pieces
  8910 | D:5      | Found the +3 sling "Punk" {acid, rCorr}
  8918 | D:5      | Reached skill level 7 in Conjurations
  9074 | D:7      | Noticed a dryad
  9274 | D:6      | Killed an elephant
  9275 | D:6      | Reached skill level 8 in Fire Magic
  9328 | D:6      | Reached skill level 6 in Dodging
  9328 | D:6      | Reached skill level 7 in Spellcasting
  9576 | D:7      | Killed a red ugly thing
  9577 | D:7      | Reached skill level 8 in Spellcasting
  9577 | D:7      | Reached skill level 8 in Conjurations
  9582 | D:7      | Killed a purple ugly thing
  9583 | D:7      | Reached XP level 10. HP: 35/58 MP: 9/24
  9812 | D:7      | Offered knowledge of Mephitic Cloud by Vehumet.
  9813 | D:7      | Reached skill level 5 in Fighting
  9813 | D:7      | Reached skill level 7 in Dodging
 10237 | Lair:1   | Entered Level 1 of the Lair of Beasts
 10247 | D:7      | Reached skill level 9 in Spellcasting
 10309 | Lair:1   | Reached skill level 8 in Dodging
 10463 | Lair:1   | Reached skill level 9 in Dodging
 10463 | Lair:1   | Reached skill level 1 in Slings
 10535 | Lair:1   | Got a fading rapier
 10549 | Lair:1   | Noticed a cane toad
 10561 | Lair:1   | Killed a cane toad
 10561 | Lair:1   | Reached *** piety under Vehumet
 10562 | Lair:1   | Reached skill level 2 in Slings
 10590 | Lair:1   | Reached skill level 3 in Slings
 10635 | Lair:1   | Reached skill level 4 in Slings
 10916 | Lair:1   | Reached XP level 11. HP: 60/63 MP: 21/26
 10918 | Lair:1   | Reached skill level 5 in Slings
 11217 | Lair:1   | Reached skill level 6 in Fighting
 11221 | Lair:1   | Offered knowledge of Yara's Violent Unravelling by Vehumet.
 11229 | Lair:1   | Reached skill level 9 in Conjurations
 11796 | Lair:2   | Noticed a four-headed hydra
 11802 | Lair:2   | Killed a four-headed hydra
 11803 | Lair:2   | Reached skill level 10 in Dodging
 11843 | Lair:2   | Reached skill level 10 in Spellcasting
 12086 | Lair:2   | Noticed a seven-headed hydra
 12158 | Lair:2   | Killed a seven-headed hydra
 12159 | Lair:2   | Reached skill level 11 in Dodging
 12282 | Lair:2   | Reached **** piety under Vehumet
 12345 | Lair:2   | Found a dark tunnel.
 12434 | Lair:2   | Reached skill level 7 in Fighting
 12437 | Lair:2   | Reached XP level 12. HP: 72/72 MP: 21/28
 12891 | Lair:3   | Offered knowledge of Iskenderun's Mystic Blast by Vehumet.
 12903 | Lair:3   | Reached skill level 11 in Spellcasting
 13276 | Lair:3   | Reached skill level 12 in Spellcasting
 13454 | Lair:3   | Identified the +9 rapier of Vina {pain, rElec rF+} (You
                  | found it on level 1 of the Lair of Beasts)
 13775 | Lair:3   | Noticed a five-headed hydra
 13780 | Lair:3   | Killed a five-headed hydra
 13781 | Lair:3   | Reached skill level 5 in Evocations
 14100 | Lair:4   | Found a hole to the Spider Nest.
 14160 | Lair:4   | Noticed a five-headed hydra
 14165 | Lair:4   | Killed a five-headed hydra
 14166 | Lair:4   | Reached skill level 13 in Spellcasting
 14182 | Lair:4   | Got a distressingly furry chain mail
 14245 | Lair:4   | Noticed a five-headed hydra
 14249 | Lair:4   | Killed a five-headed hydra
 14322 | Lair:4   | Reached skill level 8 in Fighting
 14332 | Lair:4   | Reached ***** piety under Vehumet
 14332 | Lair:4   | Offered knowledge of Fulminant Prism by Vehumet.
 14819 | Lair:4   | Reached skill level 14 in Spellcasting
 14824 | Lair:4   | Reached XP level 13. HP: 78/78 MP: 25/33
 15077 | Lair:4   | Found a staircase to the Shoals.
 15082 | Lair:4   | Reached skill level 10 in Conjurations
 15645 | Lair:4   | Reached skill level 11 in Conjurations
 16328 | Lair:5   | Reached skill level 12 in Dodging
 16439 | Lair:5   | Identified the +8 chain mail of a Labyrinth {SInv} (You
                  | found it on level 4 of the Lair of Beasts)
 16757 | Lair:5   | Reached skill level 13 in Dodging
 17304 | Lair:6   | Entered Level 6 of the Lair of Beasts
 17348 | Lair:6   | Found a gate leading to a gauntlet.
 17482 | Lair:6   | HP: 12/80 [swamp dragon/blast of poison (5)]
 17571 | Lair:6   | Noticed Josephine
 17609 | Lair:6   | Reached skill level 9 in Fighting
 17632 | Lair:6   | HP: 7/80 [rime drake/flash freeze (15)]
 17938 | Lair:6   | Reached skill level 10 in Fighting
 17938 | Lair:6   | Reached XP level 14. HP: 88/88 MP: 27/34
 18084 | Lair:6   | Killed Josephine
 18087 | Lair:6   | Reached skill level 15 in Spellcasting
 18476 | Lair:6   | Reached skill level 12 in Conjurations
 18674 | Lair:6   | Found a viscous altar of Jiyva.
 18683 | Lair:6   | Found a staircase to the Slime Pits.
 18841 | Lair:6   | Noticed a dire elephant
 18841 | Lair:6   | Noticed a dire elephant
 19006 | Lair:6   | Killed a dire elephant
 19787 | Lair:6   | Got a coiled amber ring
 19789 | Lair:6   | Identified the cursed ring "Koubojyma" {rPois Stlth--} (You
                  | found it on level 6 of the Lair of Beasts)
 20193 | Lair:6   | Offered knowledge of Icicle Burst by Vehumet.
 20427 | Lair:6   | Killed a dire elephant
 20898 | D:8      | Reached skill level 6 in Slings
 20911 | D:8      | Found Ykkihuirph's Book Shoppe.
 20931 | D:8      | Learned a level 7 spell: Icicle Burst
 21089 | D:8      | Reached skill level 1 in Ice Magic
 21145 | D:8      | Reached skill level 11 in Fighting
 21145 | D:8      | Reached skill level 14 in Dodging
 21148 | D:8      | Reached skill level 2 in Ice Magic
 21323 | D:8      | Reached skill level 3 in Ice Magic
 21363 | D:7      | Reached XP level 15. HP: 73/94 MP: 12/36
 21491 | D:8      | Reached skill level 4 in Ice Magic
 22180 | D:9      | Found a shimmering altar of Xom.
 22181 | D:9      | Found a hazy altar of Hepliaklqana.
 22650 | D:9      | Found a snail-covered altar of Cheibriados.
 22650 | D:9      | Found a shadowy altar of Dithmenos.
 22650 | D:9      | Found a white marble altar of Elyvilon.
 23240 | D:10     | Entered Level 10 of the Dungeon
 23247 | D:10     | Reached skill level 5 in Ice Magic
 23592 | D:10     | Found Reqohonk's Distillery.
 23600 | D:10     | Bought a potion of curing for 35 gold pieces
 23600 | D:10     | Bought a potion of cancellation for 70 gold pieces
 23600 | D:10     | Bought a potion of brilliance for 56 gold pieces
 23600 | D:10     | Bought a potion of agility for 56 gold pieces
 23600 | D:10     | Bought a potion of invisibility for 112 gold pieces
 23600 | D:10     | Bought a potion of brilliance for 56 gold pieces
 23600 | D:10     | Bought a potion of flight for 56 gold pieces
 23701 | D:10     | Found a portal to a secret trove of treasure.
 23759 | D:10     | Found Eshewy's Antique Weapon Shoppe.
 23764 | D:10     | Found Upnidem's Distillery.
 23783 | D:10     | Bought a potion of heal wounds for 70 gold pieces
 23783 | D:10     | Bought a potion of brilliance for 56 gold pieces
 23783 | D:10     | Bought 2 potions of curing for 70 gold pieces
 23783 | D:10     | Bought a potion of brilliance for 56 gold pieces
 23783 | D:10     | Bought a potion of curing for 35 gold pieces
 24014 | D:10     | Found Osamul's Weapon Shoppe.
 24194 | D:11     | Reached skill level 6 in Ice Magic
 24217 | D:11     | Reached ****** piety under Vehumet
 24523 | D:11     | Offered knowledge of Iron Shot by Vehumet.
 24541 | D:11     | Reached skill level 7 in Ice Magic
 24584 | D:11     | Found a staircase to the Orcish Mines.
 24761 | D:11     | Found a gate to the Vaults.
 25232 | D:12     | Entered Level 12 of the Dungeon
 25288 | D:12     | Reached skill level 8 in Ice Magic
 25796 | D:12     | Reached skill level 9 in Ice Magic
 26113 | D:12     | Found a staircase to the Depths.
 26449 | D:12     | Reached skill level 10 in Ice Magic
 26499 | D:12     | Offered knowledge of Bolt of Cold by Vehumet.
 26516 | D:12     | Learned a level 6 spell: Bolt of Cold
 26857 | Orc      | Entered the Orcish Mines
 26954 | Orc      | Noticed an orc warlord
 26957 | Orc      | Found Fillicwi's Book Boutique.
 26979 | Orc      | Killed an orc warlord
 26980 | Orc      | Reached skill level 13 in Conjurations
 27228 | Orc      | Found Baisusofeo's General Store.
 27242 | Orc      | Bought a +0 pair of boots for 72 gold pieces
 27291 | Orc      | Found a staircase to the Elven Halls.
 27368 | Orc      | Found Feb Toito's Antique Armour Boutique.
 27432 | Orc      | Bought a pair of embroidered gloves for 195 gold pieces
 27432 | Orc      | Bought a twisted helmet for 247 gold pieces
 27432 | Orc      | Bought a runed cloak for 195 gold pieces
 27466 | Orc      | Identified the +2 helmet of Raohef {+Fly} (You bought it in
                  | a shop in the Orcish Mines)
 27503 | Orc      | Found Maefrav's Antique Weapon Shoppe.
 27505 | Orc      | Found Uruzey's Distillery.
 27599 | Orc      | Found a runed translucent gate.
 27599 | Orc      | Found a runed translucent gate.
 27599 | Orc      | Found a runed translucent gate.
 27649 | Orc      | Noticed tronn's ghost (journeyman HOAc)
 27710 | Orc      | Bought a potion of brilliance for 64 gold pieces
 27710 | Orc      | Bought a potion of brilliance for 64 gold pieces
 27710 | Orc      | Bought 2 potions of cancellation for 160 gold pieces
 27710 | Orc      | Bought a potion of heal wounds for 80 gold pieces
 27710 | Orc      | Bought a potion of curing for 40 gold pieces
 27710 | Orc      | Bought a potion of ambrosia for 64 gold pieces
 28326 | Spider:1 | Entered Level 1 of the Spider Nest
 28329 | Spider:1 | Reached XP level 16. HP: 100/100 MP: 37/37
 28528 | Spider:1 | Reached skill level 14 in Conjurations
 28627 | Spider:1 | Reached skill level 7 in Slings
 29286 | Spider:1 | Offered knowledge of Freezing Cloud by Vehumet.
 29287 | Spider:1 | Reached skill level 8 in Slings
 30258 | Spider:2 | Identified a scroll of acquirement
 30653 | Spider:2 | Reached skill level 9 in Slings
 31243 | Spider:3 | Entered Level 3 of the Spider Nest
 31652 | Spider:3 | Reached skill level 15 in Conjurations
 32149 | Spider:3 | Got a steaming lajatang
 32150 | Spider:3 | Identified the +9 lajatang of Tyzikhlirra {slice, rElec}
                  | (You found it on level 3 of the Spider Nest)
 32284 | Spider:3 | Found a transporter.
 32284 | Spider:3 | Noticed Galewind's ghost (adept AvCj)
 32314 | Spider:3 | Found a transporter.
 32424 | Spider:3 | Reached skill level 16 in Spellcasting
 32492 | Spider:3 | Offered knowledge of Orb of Destruction by Vehumet.
 32503 | Spider:3 | Learned a level 7 spell: Orb of Destruction
 32763 | Spider:3 | Reached skill level 17 in Spellcasting
 32797 | Spider:3 | Reached XP level 17. HP: 80/104 MP: 27/40
 32853 | Spider:3 | Found a huge runed gate.
 32853 | Spider:3 | Found a huge runed gate.
 32853 | Spider:3 | Found a huge runed gate.
 32853 | Spider:3 | Found a huge runed gate.
 32854 | Spider:3 | Found a huge runed gate.
 33041 | Spider:3 | Reached skill level 12 in Fighting
 33094 | Spider:3 | Got a gossamer rune of Zot
 33543 | Vaults:1 | Entered Level 1 of the Vaults
 33593 | Vaults:1 | Found a flickering gateway to a bazaar.
 33612 | Bazaar   | Entered a bazaar
 33612 | Bazaar   | Found Onuet's Weapon Boutique.
 33612 | Bazaar   | Found Bonlonua's Armour Shop.
 33612 | Bazaar   | Found Gottikhe's Weapon Shop.
 33624 | Bazaar   | Bought a +0 helmet of intelligence for 138 gold pieces
 33909 | Vaults:1 | Reached skill level 16 in Conjurations
 34048 | Vaults:1 | Offered knowledge of Ozocubu's Refrigeration by Vehumet.
 34232 | Vaults:1 | Found a stormy altar of Qazlal.
 34681 | Vaults:1 | Reached skill level 17 in Conjurations
 34699 | Vaults:1 | HP: 14/106 [??? (12)]
 35245 | Vaults:1 | Reached skill level 18 in Conjurations
 35637 | Vaults:1 | Reached XP level 18. HP: 112/112 MP: 41/41
 35704 | Vaults:1 | Reached skill level 18 in Spellcasting
 35739 | Vaults:1 | Identified the +3 leather armour of Complete Protection
                  | {rC+}
 35834 | Vaults:1 | Offered knowledge of Lehudib's Crystal Spear by Vehumet.
 35834 | Vaults:1 | Offered knowledge of Fire Storm by Vehumet.
 35834 | Vaults:1 | Offered knowledge of Chain Lightning by Vehumet.
 35848 | Vaults:1 | Learned a level 9 spell: Fire Storm
 35884 | Vaults:1 | Found a staircase to the Crypt.
 35900 | Vaults:1 | Learned a level 5 spell: Irradiate
 35906 | Vaults:1 | Learned a level 4 spell: Yara's Violent Unravelling
 36629 | Vaults:2 | Reached skill level 9 in Fire Magic
 36938 | Vaults:2 | Found Vumih's Book Emporium.
 36958 | Vaults:2 | Reached skill level 19 in Conjurations
 36968 | Vaults:2 | Reached skill level 10 in Fire Magic
 37192 | Vaults:2 | Reached skill level 11 in Fire Magic
 37799 | Vaults:2 | Reached skill level 12 in Fire Magic
 38175 | Vaults:2 | Reached skill level 13 in Fire Magic
 38535 | Vaults:2 | Reached XP level 19. HP: 116/116 MP: 43/43
 38820 | Orc      | Bought a book of Fire for 975 gold pieces
 38829 | Orc      | Learned a level 8 spell: Ignition
 39036 | Shoals:1 | Entered Level 1 of the Shoals
 39812 | Shoals:1 | Noticed Frances
 39816 | Shoals:1 | Killed Frances
 39817 | Shoals:1 | Reached skill level 14 in Fire Magic
 40743 | Shoals:2 | Reached skill level 15 in Fire Magic
 40971 | Shoals:2 | Noticed Polyphemus
 41261 | Shoals:2 | Killed Polyphemus
 41827 | Orc      | Bought the cursed ring of Spontaneous Combustion {rC+ MP+9}
                  | for 544 gold pieces
 42304 | Orc      | Killed tronn's ghost
 42603 | Shoals:3 | Entered Level 3 of the Shoals
 42603 | Shoals:3 | Noticed Aizul
 42609 | Shoals:3 | Killed Aizul
 42629 | Shoals:3 | Reached skill level 16 in Fire Magic
 42737 | Shoals:3 | Upgraded the game from bcrawl-1.36.5b to bcrawl-1.37
 43018 | Shoals:3 | Got a barnacled rune of Zot
 43301 | Shoals:3 | Reached skill level 17 in Fire Magic
 43635 | Shoals:3 | Reached XP level 20. HP: 122/122 MP: 44/44
 44159 | Elf:1    | Entered Level 1 of the Elven Halls
 44159 | Elf:1    | Found a runed gate.
 44159 | Elf:1    | Found a runed gate.
 44159 | Elf:1    | Found a runed gate.
 44159 | Elf:1    | Found a runed gate.
 44159 | Elf:1    | Found a runed gate.
 44159 | Elf:1    | Found a runed gate.
 44161 | Elf:1    | Found a runed door.
 44203 | Elf:1    | Reached skill level 20 in Conjurations
 44490 | Elf:1    | Found a runed door.
 44527 | Elf:1    | Found a crumbling gateway.
 44809 | Elf:1    | Identified the cursed ring "Roihifek" {Ice rElec rN+
                  | Slay-2}
 45875 | Elf:2    | Found a huge runed gate.
 45875 | Elf:2    | Found a huge runed gate.
 45875 | Elf:2    | Found a huge runed gate.
 45876 | Elf:2    | Found a huge runed gate.
 45879 | Elf:2    | Found a huge runed gate.
 45899 | Elf:2    | Reached skill level 21 in Conjurations
 45976 | Elf:2    | Reached skill level 18 in Fire Magic
 46429 | Elf:3    | Entered Level 3 of the Elven Halls
 47608 | Elf:3    | Reached XP level 21. HP: 127/127 MP: 39/45
 47636 | Elf:3    | Reached skill level 22 in Conjurations
 47704 | Elf:3    | Identified the amulet of Ybbaytrofa {RegenMP rC+}
 47713 | Elf:3    | Reached skill level 19 in Fire Magic
 47964 | Elf:3    | Identified the ring of Jown {rPois Dex+5 Slay+2}
 48683 | Elf:3    | Found the +3 hat of Pondering {ponderous, MR+ MP+10 Int+5}
 48685 | Elf:3    | Found the +2 pair of boots of the Assassin {Detection Stab+
                  | Stlth++}
 48688 | Elf:3    | Identified Cerebov's Tome of Ignition
 48719 | Elf:3    | Identified the amulet of the Ancients {Inacc rElec Dex+4}
 48794 | Elf:3    | Identified the +5 dagger "Quequp" {vamp, SInv}
 49258 | Vaults:3 | Entered Level 3 of the Vaults
 49258 | Vaults:3 | Noticed Asterion
 49261 | Vaults:3 | Killed Asterion
 49262 | Vaults:3 | Noticed Sojobo
 49263 | Vaults:3 | Noticed a golden dragon
 49264 | Vaults:3 | Noticed Xtahua
 49267 | Vaults:3 | Reached skill level 23 in Conjurations
 49270 | Vaults:3 | Reached skill level 20 in Fire Magic
 49270 | Vaults:3 | HP: 11/127 [Xtahua/searing blast (47)]
 49569 | Depths:1 | Entered Level 1 of the Depths
 49653 | Depths:1 | HP: 14/127 [yaktaur captain/bolt (18)]
 49653 | Depths:1 | HP: 4/127 [iron dragon (10)]
 49733 | Depths:1 | Noticed Saint Roka
 49736 | Depths:1 | Killed Saint Roka
 49918 | Depths:1 | Reached skill level 13 in Fighting
 49918 | Depths:1 | Reached XP level 22. HP: 135/135 MP: 46/46
 50226 | Depths:1 | Found Orebaove's Gadget Shoppe.
 50228 | Depths:1 | Found Qaeppoef's Food Shoppe.
 50228 | Depths:1 | Found Kaniuggu's Armour Emporium.
 50377 | Depths:1 | Reached skill level 14 in Fighting
 50451 | Depths:1 | Found Wuguiquda's Antique Weapon Emporium.
 50619 | Depths:1 | Found the +1 cloak of Starlight {rElec rC+ EV+4 Stlth--}
 50633 | Depths:1 | Found a shattered altar of Ashenzari.
 50669 | Depths:1 | Found a one-way gate to the infinite horrors of the Abyss.
 50906 | Depths:1 | Found a gateway to Hell.
 51124 | Depths:1 | Reached skill level 15 in Dodging
 51590 | Depths:2 | Found a runed gate.
 51590 | Depths:2 | Found a runed gate.
 51590 | Depths:2 | Found a runed gate.
 52079 | Depths:2 | Found a runed gate.
 52079 | Depths:2 | Found a runed gate.
 52079 | Depths:2 | Found a runed gate.
 52158 | Depths:2 | Found a runed gate.
 52158 | Depths:2 | Found a runed gate.
 52158 | Depths:2 | Found a runed gate.
 52524 | Depths:2 | Found a runed gate.
 52528 | Depths:2 | Found a runed gate.
 52529 | Depths:2 | Found a runed gate.
 52907 | Depths:2 | Noticed a rockslime
 52908 | Depths:2 | Identified the cursed +3 dagger of Indignation {elec, *Slow
                  | rElec MP+9 Str+4}
 52911 | Depths:2 | Killed a rockslime
 52925 | Depths:2 | Noticed a golden dragon
 52931 | Depths:2 | Killed a golden dragon
 52932 | Depths:2 | Reached skill level 16 in Dodging
 52938 | Depths:2 | Reached skill level 15 in Fighting
 52944 | Depths:2 | Reached skill level 1 in Armour
 52946 | Depths:2 | Reached skill level 2 in Armour
 52949 | Depths:2 | Reached skill level 3 in Armour
 52950 | Depths:2 | Reached XP level 23. HP: 125/144 MP: 24/47
 53113 | Depths:2 | Reached skill level 4 in Armour
 53317 | Depths:2 | Identified the cursed +0 plate armour of Starshine {+Inv
                  | rN+ Regen+ Dex+3} (You took it off a rakshasa on level 2 of
                  | the Depths)
 53489 | Depths:3 | Identified the +2 pair of boots of Grace {rC++ rN+ Dex-3
                  | Slay-6}
 53566 | Depths:3 | Reached skill level 5 in Armour
 54018 | Depths:3 | Reached skill level 6 in Armour
 54022 | Depths:3 | Identified the +5 faerie dragon scales {rF++ rCorr Int+2
                  | Dex+3}
 54022 | Depths:3 | Noticed the Enchantress
 54028 | Depths:3 | Killed the Enchantress
 54029 | Depths:3 | Reached skill level 7 in Armour
 54096 | Depths:3 | Reached skill level 8 in Armour
 54138 | Depths:3 | Reached skill level 9 in Armour
 54367 | Depths:3 | Reached skill level 1 in Shields
 54459 | Depths:3 | Identified the ring "Cinotor" {Ice rElec Str-2 Dex+3}
 54668 | Depths:3 | Reached skill level 2 in Shields
 54673 | Depths:3 | Found a bloodstained altar of Trog.
 54720 | Depths:3 | Reached skill level 10 in Armour
 54749 | Depths:3 | Reached skill level 3 in Shields
 54985 | Depths:3 | Identified the +4 ring mail of the Sky {rF+ Int+4}
 54997 | Depths:3 | Found a one-way gate leading to the halls of Pandemonium.
 55072 | Depths:3 | Reached skill level 4 in Shields
 55415 | Depths:3 | Reached skill level 5 in Shields
 55692 | Depths:4 | Reached skill level 6 in Shields
 55706 | Depths:4 | Reached skill level 7 in Shields
 55999 | Depths:4 | Reached skill level 8 in Shields
 56102 | Depths:4 | Found a gateway to a ziggurat.
 56356 | Depths:4 | Noticed Frederick
 56361 | Depths:4 | Killed Frederick
 56431 | Depths:4 | Reached XP level 24. HP: 150/150 MP: 47/47
 56965 | Depths:4 | Found a radiant altar of Vehumet.
 56990 | Depths:4 | Identified Sif Muna's Volume of the Spatial Birds
 57336 | Depths:4 | Found Huracel's Antique Weapon Shoppe.
 57355 | Depths:4 | Found a corrupted altar of Lugonu.
 57432 | Depths:4 | Bought a steaming rapier for 288 gold pieces
 57432 | Depths:4 | Identified the +10 rapier "Newtbane" {drain, Str+4} (You
                  | bought it in a shop on level 4 of the Depths)
 57636 | Orc      | Bought a book of Party Tricks for 750 gold pieces
 57643 | Orc      | Learned a level 6 spell: Invisibility
 57805 | Depths:5 | Entered Level 5 of the Depths
 57834 | Depths:5 | Reached skill level 9 in Shields
 57902 | Depths:5 | Found the +7 Singing Sword {slice}
 58105 | Depths:5 | Noticed a caustic shrike
 58223 | Depths:5 | Killed a caustic shrike
 58339 | Depths:5 | Noticed a caustic shrike
 58345 | Depths:5 | Killed a caustic shrike
 59013 | Depths:5 | Noticed an ancient lich
 59018 | Depths:5 | Killed an ancient lich
 59019 | Depths:5 | Reached skill level 10 in Shields
 59028 | Depths:5 | Reached skill level 24 in Conjurations
 59142 | Depths:5 | Reached skill level 21 in Fire Magic
 59153 | Depths:5 | Reached skill level 1 in Hexes
 59154 | Depths:5 | Noticed Margery
 59156 | Depths:5 | Reached skill level 2 in Hexes
 59162 | Depths:5 | Killed Margery
 59163 | Depths:5 | Reached skill level 3 in Hexes
 59251 | Depths:5 | Noticed a golden dragon
 59255 | Depths:5 | Killed a golden dragon
 59256 | Depths:5 | Reached skill level 4 in Hexes
 59388 | Depths:5 | Found a gate to the Realm of Zot.
 59414 | Depths:5 | Reached skill level 11 in Armour
 59432 | Depths:5 | Reached skill level 5 in Hexes
 59445 | Depths:5 | Noticed a Killer Klown
 59447 | Depths:5 | Killed a Killer Klown
 59513 | Depths:5 | Reached skill level 6 in Hexes
 59513 | Depths:5 | Reached XP level 25. HP: 144/155 MP: 47/47
 60059 | Depths:5 | Identified the +1 buckler of Tuba {rPois rC+ MR+ Int+2}
 60468 | Depths:5 | Upgraded the game from bcrawl-1.37 to bcrawl-1.37.1
 60848 | Slime:1  | Entered Level 1 of the Pits of Slime
 60864 | Slime:1  | Reached skill level 7 in Hexes
 60874 | Slime:1  | Reached skill level 12 in Armour
 60919 | Slime:2  | Reached skill level 8 in Hexes
 60982 | Slime:3  | Reached skill level 9 in Hexes
 61010 | Slime:3  | Reached skill level 10 in Hexes
 61104 | Slime:5  | Entered Level 5 of the Pits of Slime
 61487 | Slime:5  | Found a viscous altar of Jiyva.
 61933 | Slime:5  | Found the +8 whip "Snakebite" {curare, rPois}
 61939 | Slime:5  | Noticed the Royal Jelly
 61948 | Slime:5  | Killed the Royal Jelly
 61949 | Slime:5  | Reached skill level 25 in Conjurations
 61996 | Slime:5  | Identified the +11 great mace of the Hidden Vale {drain,
                  | rPois rF- Str-2 Stlth+}
 62004 | Slime:5  | Got a slimy rune of Zot
 62032 | Slime:5  | Identified the ring of Jeigeg {rPois rN+ MP+9 Str+4 Int-2}
 62034 | Slime:5  | Identified the +1 robe of Orthodoxy {Str+6}
 62101 | Slime:5  | Identified the +8 eveningstar of the Dungeon {vamp, Str+5}
 62187 | Lair:6   | Identified the +0 helmet "Jex Irr" {rN+} (You acquired it
                  | on level 6 of the Lair of Beasts)
 62187 | Lair:6   | Identified the ring of Eternity {rC+ Dex+5 SInv} (You
                  | acquired it on level 6 of the Lair of Beasts)
 62616 | Zot:1    | Entered Level 1 of the Realm of Zot
 62792 | Zot:2    | Reached skill level 19 in Spellcasting
 63044 | Zot:2    | Learned a level 2 spell: Passwall
 63047 | Zot:2    | Learned a level 2 spell: Blink
 63545 | Zot:3    | Reached skill level 20 in Spellcasting
 63623 | Zot:3    | Reached XP level 26. HP: 160/160 MP: 49/49
 63731 | Zot:3    | Learned a level 7 spell: Mana Rupture
 65071 | Spider:3 | Reached skill level 6 in Evocations
 65074 | Spider:3 | Killed Galewind's ghost
 65217 | Spider:3 | Identified the ring of Saran {+Blink +Inv +Fly rF- Int+7}
 65931 | Zot:3    | Noticed a golden dragon
 65933 | Zot:3    | Killed a golden dragon
 65942 | Zot:3    | Reached skill level 7 in Evocations
 66299 | Zot:2    | Noticed a golden dragon
 66304 | Zot:2    | Killed a golden dragon
 66305 | Zot:2    | Reached skill level 13 in Armour
 66305 | Zot:2    | Noticed a golden dragon
 66312 | Zot:2    | Killed a golden dragon
 66632 | Zot:2    | Noticed a golden dragon
 66635 | Zot:2    | Killed a golden dragon
 66636 | Zot:2    | Reached skill level 8 in Evocations
 66651 | Zot:2    | Noticed a golden dragon
 66659 | Zot:2    | Killed a golden dragon
 66864 | Zot:1    | Identified the ring of the Ten Wars {Fire Stlth+}
 66875 | Zot:1    | Reached skill level 17 in Dodging
 67133 | Zot:1    | Found a transporter.
 67162 | Zot:1    | Noticed Beclu's ghost (legendary GnSk)
 67163 | Zot:1    | Noticed a golden dragon
 67169 | Zot:1    | Noticed a golden dragon
 67176 | Zot:1    | Found a transporter.
 67181 | Zot:1    | Noticed a shard shrike
 67916 | Zot:2    | Reached skill level 9 in Evocations
 67916 | Zot:2    | Reached XP level 27. HP: 162/168 MP: 27/49
 68226 | Zot:2    | Noticed an orb of fire
 68231 | Zot:2    | Reached skill level 16 in Fighting
 68233 | Zot:2    | Killed an orb of fire
 68234 | Zot:2    | Reached skill level 14 in Armour
 68234 | Zot:2    | Reached skill level 26 in Conjurations
 68291 | Zot:2    | Noticed an orb of fire
 68297 | Zot:2    | Gained mutation: Scrolls take you a little longer to read.
                  | [an orb of fire]
 68300 | Zot:2    | Killed an orb of fire
 69239 | Zot:5    | Entered Level 5 of the Realm of Zot
 69260 | Zot:5    | Noticed a golden dragon
 69267 | Zot:5    | Killed a golden dragon
 69719 | Zot:5    | Noticed a Killer Klown
 69731 | Zot:5    | Killed a Killer Klown
 69762 | Zot:5    | Reached skill level 27 in Conjurations
 69763 | Zot:5    | Noticed a golden dragon
 69766 | Zot:5    | Killed a golden dragon
 70023 | Zot:5    | Reached skill level 10 in Slings
 70187 | Zot:5    | Noticed a golden dragon
 70202 | Zot:5    | Killed a golden dragon
 70219 | Zot:5    | Reached skill level 11 in Slings
 70221 | Zot:5    | Noticed a golden dragon
 70231 | Zot:5    | Killed a golden dragon
 70388 | Zot:5    | Noticed an ancient lich
 70391 | Zot:5    | Killed an ancient lich
 70439 | Zot:5    | Reached skill level 12 in Slings
 70441 | Zot:5    | Noticed a Killer Klown
 70443 | Zot:5    | Killed a Killer Klown
 70550 | Zot:5    | Noticed an orb of fire
 70552 | Zot:5    | Gained mutation: You are weak. (Str -2) [an orb of fire]
 70561 | Zot:5    | Gained mutation: Scrolls take you longer to read. [an orb
                  | of fire]
 70564 | Zot:5    | Killed an orb of fire
 70623 | Zot:5    | Noticed an ancient lich
 70627 | Zot:5    | Killed an ancient lich
 70899 | Zot:5    | Noticed a golden dragon
 70914 | Zot:5    | Killed a golden dragon
 70969 | Zot:5    | Noticed a Killer Klown
 70972 | Zot:5    | Killed a Killer Klown
 70975 | Zot:5    | Noticed a Killer Klown
 70999 | Zot:5    | Killed a Killer Klown
 71088 | Zot:5    | Noticed an ancient lich
 71090 | Zot:5    | Noticed an orb of fire
 71090 | Zot:5    | Killed an ancient lich
 71091 | Zot:5    | Reached skill level 17 in Fighting
 71096 | Zot:5    | Killed an orb of fire
 71097 | Zot:5    | Reached skill level 21 in Spellcasting
 71604 | Zot:5    | Reached skill level 18 in Fighting
 71973 | Zot:5    | Got the Orb of Zot
 72174 | Zot:1    | Reached skill level 19 in Fighting
 72375 | D:9      | Noticed Udaucso the pandemonium lord
 72379 | D:9      | Killed Udaucso the pandemonium lord
 72462 | D:4      | Noticed Pilogiku the pandemonium lord
 72465 | D:4      | Killed Pilogiku the pandemonium lord
 72506 | D:$      | Escaped with the Orb!

Skill      XL: |  1  2  3  4  5  6  7  8  9 10 11 12 13 14 15 16 17 18 19 20 21 22 23 24 25 26 27 |
---------------+----------------------------------------------------------------------------------+-----
Conjurations   | 2 3 4 5 6 8 9 11 12 13 15 18 19 21 23 24 25 27 | 27.0
Spellcasting   | 3 4 5 6 8 9 10 14 15 17 18 20 21 | 21.0
Fire Magic     | 4 5 6 7 8 13 17 18 20 21 | 21.0
Fighting       | 1 2 3 4 5 7 8 10 11 12 13 15 19 | 19.5
Dodging        | 4 5 6 9 11 13 14 16 17 | 17.0
Evocations     | 3 4 5 9 |  9.0
Slings         | 4 5 6 9 12 | 12.0
Ice Magic      | 3 10 | 10.0
Armour         | 3 10 11 12 13 14 | 14.0
Shields        | 8 10 | 10.0
Hexes          | 6 10 | 10.0
Stealth        | |  2.1

Action                   |  1- 3 |  4- 6 |  7- 9 | 10-12 | 13-15 | 16-18 | 19-21 | 22-24 | 25-27 || total
-------------------------+-------+-------+-------+-------+-------+-------+-------+-------+-------++-------
Melee: Spear             |     9 |    20 |    23 |       |       |       |       |       |       ||    52
       Trident           |       |       |       |       |       |       |       |     2 |       ||     2
 Fire: Hunting sling     |       |    73 |    88 |   182 |   692 |   321 |   102 |   137 |    79 ||  1674
Throw: Stone             |    52 |    15 |     2 |       |       |       |       |       |       ||    69
       Tomahawk          |     7 |    12 |    11 |       |       |       |       |       |       ||    30
 Cast: Flame Tongue      |    38 |     6 |    24 |     5 |       |       |       |       |       ||    73
       Flaming Arrows    |    18 |    22 |    13 |    32 |    84 |    52 |    16 |    13 |    10 ||   260
       Conjure Flame     |       |     6 |     1 |     1 |     5 |       |       |       |       ||    13
       Fireball          |       |       |    64 |    86 |   149 |       |       |       |       ||   299
       Sticky Flame      |       |       |     4 |    16 |    18 |       |       |       |       ||    38
       Icicle Burst      |       |       |       |       |    68 |   205 |    95 |   137 |   157 ||   662
       Bolt of Cold      |       |       |       |       |    14 |   150 |   248 |    89 |    33 ||   534
       Orb of Destructio |       |       |       |       |       |    16 |    26 |    35 |    13 ||    90
       Irradiate         |       |       |       |       |       |     4 |    13 |    13 |     6 ||    36
       Ignition          |       |       |       |       |       |       |    60 |    26 |    42 ||   128
       Fire Storm        |       |       |       |       |       |       |    19 |   141 |   245 ||   405
       Invisibility      |       |       |       |       |       |       |       |       |     9 ||     9
       Blink             |       |       |       |       |       |       |       |       |    15 ||    15
       Mana Rupture      |       |       |       |       |       |       |       |       |     7 ||     7
Evoke: Wand              |       |     1 |     1 |     1 |     7 |    10 |     2 |       |     4 ||    26
       Lamp of fire      |       |       |       |       |     1 |     1 |       |       |       ||     2
       Box of beasts     |       |       |       |       |     1 |       |       |       |     1 ||     2
       Phial of floods   |       |       |       |       |       |       |     1 |       |     1 ||     2
       Phantom mirror    |       |       |       |       |       |       |       |       |     1 ||     1
  Use: Scroll            |     3 |     6 |     6 |     5 |    22 |    12 |    11 |     1 |     8 ||    74
       Potion            |       |     3 |     2 |       |     8 |    10 |     9 |     1 |     6 ||    39
  Eat: Chunk             |     6 |    13 |    18 |    27 |    65 |    40 |    50 |    50 |    15 ||   284
       Ration            |       |     1 |     7 |     2 |     5 |    10 |     6 |    16 |    32 ||    79
Armor: Robe              |     6 |     4 |    10 |     7 |       |       |       |       |       ||    27
       Steam dragon scal |       |       |       |     1 |    34 |    68 |    30 |     9 |       ||   142
       Acid dragon scale |       |       |       |       |       |       |       |    16 |    33 ||    49
Dodge: Dodged            |    21 |    23 |    64 |    93 |   285 |   254 |   123 |   114 |   144 ||  1121
Block: Buckler           |       |       |       |       |       |       |       |     2 |    26 ||    28

Levels and vault maps discovered:
D:1:      erik_arrival_orb_chamber, layout_loops_ring
D:2:      layout_rooms, chequers_temple_overflow_minitemple, minmay_hedge_maze,
          minmay_tiny_reverse_x
D:3:      layout_loops_corners, nicolae_wu_jian_wuxing_cycle, uniq_ijyb,
          uniq_terence
D:4:      layout_loops_ring, makhleb_heckhound_becter, grunt_qazlal_clouds,
          minmay_temple_entry_purple_smoke, first_ration
D:5:      layout_gridville, gammafunk_temple_overflow_statue, serial_shops, shop
D:6:      layout_cave_pools, tgw_kikubaaqudgha
D:7:      layout_cave_pools, bhauth_dryad_lair, serial_column_ruins,
          column_ruins_hut_water, column_ruins_hut, column_ruins_open_medium,
          column_ruins_open_tiny, column_ruins_grid_3, column_ruins_grid_4
D:8:      layout_cave_pools, serial_shops, nicolae_shop_waterfront,
          gup_ossuary_entry_pyramid, hangedman_ranch [blue_anna_fruit_fields],
          minivault_19, zaba_antful_of_joy
D:9:      layout_gridville, regret_index_temple_of_mockery,
          gammafunk_temple_overflow_forgotten, eino_tiny_chamber
D:10:     layout_loops_cross, serial_shops, kennysheep_mini_moat, shop, shop,
          nicolae_shop_statue_plus, nicolae_trove_entry_crystal
D:11:     layout_irregular_city, bhauth_orc_berserkers, erik_vaults_1
D:12:     gammafunk_depths_entry_grave, layout_loops_cross
Temple:   nicolae_temple_figure_zero
Lair:1:   layout_long_grid, special_room [special_room_bee], minivault_25,
          cheibrodos_lair_lostbears, serial_bayou_shore_a
Lair:2:   layout_cave_shapes, enter_volcano_1
Lair:3:   layout_long_grid
Lair:4:   layout_regular_city, minmay_shoals_entry_lonely_mermaid,
          spider_nest_entry_rubble, grunt_megastairs_2,
          infiniplex_staircase_pool
Lair:5:   onia_ninara_swampy_vault, layout_loops_ring
Lair:6:   gammafunk_necro_jungle_book, layout_layer_cave,
          minmay_slime_entry_oklob_open, gauntlet_entry_generic,
          serial_bayou_shore_b, grunt_megastairs_3, lemuel_fruit_tree,
          uniq_josephine
Shoals:1: layout_shoals, uniq_frances
Shoals:2: layout_shoals, uniq_polyphemus
Shoals:3: shoals_end_hellmonk_lost_city, uniq_aizul
Spider:1: layout_chambers
Spider:2: layout_spider_delve, nicolae_spider_circle_web
Spider:3: floodkiller_spider_rune_tomb, gammafunk_ghost_berserking_beasts
Slime:1:  layout_caves
Slime:2:  layout_caves
Slime:3:  layout_caves
Slime:4:  layout_caves, basic_altar
Slime:5
Orc:      grunt_orc_gardens, layout_caves, grunt_orc_garden, grunt_orc_garden,
          grunt_orc_garden, grunt_orc_garden, gammafunk_ghost_split,
          serial_shops, shop, nicolae_orc_bridge_out
Elf:1:    nicolae_elf_arrival_dilemma, layout_gridlike,
          portal_desolation_entry_nicolae_slug, hangedman_elf_represent,
          minivault_4
Elf:2:    elven_hall_of_blades_hangedman_alternative
          [nicolae_blade_entry_hurt_lockers], layout_onion_city, serial_sigils,
          serial_sigils_hangedman_quiver, serial_sigils_hangedman_gnaw,
          serial_sigils_hangedman_leer, serial_sigils_hangedman_writhe
Elf:3:    minmay_elf_hall_spiked, layout_geoelf_castle
Vaults:1: vaults_standard_mumra_x, grunt_vaults_focal, hangedman_vaults_nodes,
          v_rooms_2, v_misc_19, vaults_room_semicircle,
          minmay_crypt_entry_simple_box, v_misc_28, v_misc_8, vaults_room_grid,
          vaults_dpeg_hooks, vaults_room_corners, v_pattern_1,
          vaults_room_hallway, v_misc_25, vaults_dpeg_diagonal,
          layout_vaults_maze_bifur, basic_altar, serial_shops,
          bzr_entry_customers
Vaults:2: vaults_mumra_chevron, vaults_dpeg_spiral, grunt_vaults_twisty,
          v_misc_27, v_misc_31, vaults_room_octagon,
          nicolae_vaults_network_square, v_pattern_5,
          vaults_standard_mumra_enter_the_diamond, nicolae_vaults_shelves_hall,
          layout_vaults_ring, serial_shops, nicolae_shop_trees
Vaults:3: serial_shops, uniq_asterion, uniq_jory, uniq_sojobo, uniq_xtahua
Depths:1: layout_forbidden_donut, abyss_entry, hell_entry,
          evilmike_ruin_ashenzari, st_stairs_10, evilmike_ambush
          [evilmike_ambush_outer_corners, evilmike_ambush_inner_cross],
          firewood_loft, minmay_shoptagon, uniq_saint_roka
Depths:2: minmay_complete_graph, layout_basic, hangedman_abyss_or_decor_slice,
          grunt_hell_entry_dis_grunt, infiniplex_staircase_zigzag_2
Depths:3: spriggan_forest, pan_entry, hell_entry
Depths:4: evilmike_halls_of_destruction, layout_gridlike, enter_ziggurat_e,
          hell_entry, abyss_entry_flame_altar, serial_shops, shop,
          minmay_misc_feat_rows, infiniplex_staircase_pillars_3a
Depths:5: grunt_zot_entry_pinwheel, layout_basic, minmay_misc_feat_nine_boxes,
          hellmouth_2, minmay_multi_spiral, uniq_margery
Zot:1:    layout_onion, gammafunk_ghost_berserking_beasts
Zot:2:    layout_cathedral_of_symmetry, grunt_ministairs_8, zot_minivault_2
Zot:3:    layout_misc_corridors, hangedman_elemental_corridor,
          grunt_megastairs_1
Zot:4:    layout_gridlike, grunt_megastairs_5
Zot:5:    layout_cathedral_of_symmetry

Table legend:
 A = Turns spent in this place as a percentage of turns spent in the entire game.
 B = Non-inter-level travel turns spent in this place as a percentage of non-inter-level travel turns spent in the entire game.
 C = Inter-level travel turns spent in this place as a percentage of turns spent in this place.
 D = Turns resting spent in this place as a percentage of non-inter-level travel turns spent in this place.
 E = Turns spent auto-exploring this place as a percentage of non-inter-level travel turns spent in this place.
 F = Non-inter-level travel turns spent in this place divided by the number of levels of this place that you've seen.
                   A       B       C       D       E      F
               +-------+-------+-------+-------+-------+----------------------
         Total | 100.0 | 100.0 |   9.6 |  31.8 |  49.1 | 1365.4
       Dungeon |  24.7 |  23.9 |  12.6 |  24.3 |  56.8 | 1305.2
        Temple |   0.1 |   0.1 |   0.0 |  34.2 |   0.0 |  73.0
          Lair |  16.4 |  15.6 |  14.2 |  20.6 |  62.2 | 1704.3
        Shoals |   5.4 |   5.8 |   3.0 |  32.7 |  53.2 | 1262.0
   Spider Nest |   7.4 |   7.5 |   8.0 |  21.3 |  62.3 | 1635.7
    Slime Pits |   1.8 |   2.0 |   3.0 |  48.3 |  13.0 | 258.8
  Orcish Mines |   2.2 |   1.9 |  24.0 |  16.3 |  63.5 | 1235.0
   Elven Halls |   6.7 |   7.1 |   5.4 |  28.6 |  47.4 | 1543.0
        Vaults |   7.6 |   7.9 |   5.8 |  43.7 |  38.1 | 1736.7
        Depths |  15.9 |  15.8 |  10.4 |  37.6 |  44.9 | 2066.6
           Zot |  11.6 |  12.5 |   3.2 |  52.7 |  25.6 | 1633.6
        Bazaar |   0.0 |   0.0 |   0.0 |   0.0 |  18.8 |  16.0
               +-------+-------+-------+-------+-------+----------------------

Table legend:
 A = Kills in this place as a percentage of kills in entire the game.
 B = Kills by you in this place as a percentage of kills by you in the entire game.
 C = Kills by friends in this place as a percentage of kills by friends in the entire game.
 D = Other kills in this place as a percentage of other kills in the entire game.
 E = Experience gained in this place as a percentage of experience gained in the entire game.
 F = Experience gained in this place divided by the number of levels of this place that you have seen.
                   A       B       C       D       E      F
               +-------+-------+-------+-------+-------+----------------------
         Total | 100.0 | 100.0 | 100.0 | 100.0 | 100.0 | 32865.8
       Dungeon |  17.0 |  17.3 |   0.0 |   0.0 |   4.4 | 5849.3
          Lair |  11.5 |  11.6 |   0.0 |  57.1 |   4.7 | 12468.5
        Shoals |   6.0 |   6.1 |   0.0 |   0.0 |   5.3 | 28022.7
   Spider Nest |   7.8 |   7.9 |   0.0 |   0.0 |   4.8 | 25054.7
    Slime Pits |   5.8 |   5.4 |  35.3 |   0.0 |   5.4 | 17016.8
  Orcish Mines |   2.7 |   2.7 |   5.9 |   0.0 |   0.9 | 13519.0
   Elven Halls |   7.5 |   7.5 |   8.8 |   0.0 |   7.8 | 40818.0
        Vaults |  10.6 |  10.8 |   0.0 |  14.3 |  10.6 | 55792.0
        Depths |  21.1 |  21.1 |  23.5 |  14.3 |  25.6 | 80744.8
           Zot |   9.9 |   9.7 |  26.5 |  14.3 |  30.5 | 96232.8
               +-------+-------+-------+-------+-------+----------------------
